 Dungeon Crawl Stone Soup version 0.30-a0-1160-g6e42c06 (webtiles) character file.

Game seed: 11640049716698640199

1069 Dorkslayer the Chopper (level 8, -7/48 HPs)
             Began as a Gargoyle Fighter on Apr 25, 2023.
             Was an Initiate of Gozag.
             Mangled by an orc warrior
             ... wielding a +0 halberd
              (14 damage)
             ... on level 5 of the Dungeon.
             The game lasted 00:12:58 (4406 turns).

Dorkslayer the Chopper (Gargoyle Fighter)           Turns: 4406, Time: 00:12:59

Health: -7/48      AC: 17    Str: 26    XL:     8   Next: 28%
Magic:  8/8        EV:  9    Int:  9    God:    Gozag
Gold:   451        SH:  5    Dex: 11    Spells: 7/7 levels left

rFire   . . .        a - +0 war axe
rCold   . . .        c - +0 buckler
rNeg    + . .        s - +1 chain mail
rPois   ∞            k - +0 helmet
rElec   +            (no cloak)
rCorr   .            (no gloves)
SInv    .            (no boots)
Will    .....        (no amulet) Stlth
                     l - +6 ring of strength
HPRegen 0.28/turn    n - ring of flight
MPRegen 0.11/turn

%: no passive effects
@: flying
A: sickness immunity, AC +5, negative energy resistance 1, electricity
resistance, torment resistance 1, petrification resistance
a: Renounce Religion, Potion Petition, Call Merchant, Bribe Branch


You were on level 5 of the Dungeon.
You worshipped Gozag.
Gozag was aware of your devotion.
You visited 2 branches of the dungeon, and saw 6 of its levels.

You collected 729 gold pieces.
You spent 214 gold pieces at shops.
You paid 64 gold pieces to Gozag.

Inventory:

Hand Weapons
 a - a +0 war axe (weapon)
Armour
 c - a +0 buckler (worn)
 k - a +0 helmet (worn)
 s - a +1 chain mail (worn)
Jewellery
 l - a +6 ring of strength (left hand)
 n - a ring of flight (right hand)
Wands
 f - a wand of flame (6)
 v - a wand of digging (4)
Scrolls
 d - a scroll of enchant armour
 m - a scroll of poison {unknown}
 p - 2 scrolls of magic mapping {unknown}
 q - 2 scrolls of blinking
 u - 2 scrolls of vulnerability
 w - a scroll of fear
Potions
 b - a potion of resistance
 e - a potion of mutation
 h - 3 potions of attraction
 i - a potion of magic
 j - a potion of lignification {unknown}
 r - 2 potions of flight
 t - 2 potions of brilliance


   Skills:
 + Level 4.8 Fighting
 + Level 5.7 Axes
 + Level 0.2 Throwing
 + Level 4.9 Armour
 + Level 2.8 Dodging
 + Level 0.9 Stealth
 + Level 4.4 Shields
 * Level 2.3 Evocations


You had 7 spell levels left.
You didn't know any spells.
Your spell library contained the following spells:

 Spells                   Type           Power      Damage    Failure   Level
 Dispel Undead            Necr           0%         3d6       100%        4
 Death Channel            Necr           0%         N/A       100%        6
 Cigotuvi's Dreadful Rot  Necr/Pois/Air  Unusable   N/A       N/A         2

Dungeon Overview and Level Annotations

Branches:
Dungeon (5/15)             Temple (1/1) D:4

Altars:
Ashenzari
Cheibriados
Dithmenos
Gozag
Okawaru
Qazlal

Shops:
D:5 ?


Innate Abilities, Weirdness & Mutations

You are immune to sickness and miasma.
Your stone body is resilient. (AC +5)
You are immune to poison.
You resist negative energy. (rN+)
You are resistant to electric shocks. (rElec)
You are resistant to unholy torment.
You are immune to petrification.


Message History

The orc wizard gestures at you while chanting.
You resist with some effort.
You hit the orc warrior but do no damage.
The orc warrior is moderately wounded.
You barely miss the orc wizard.
The orc warrior hits you but does no damage.
The orc wizard hits you but does no damage.
You closely miss the orc warrior.
The orc warrior is moderately wounded.
You hit the orc wizard but do no damage.
The orc warrior closely misses you.
The orc wizard hits you but does no damage.
The orc wizard barely misses you.
The orc warrior cheers noisily, as Orcs often do.
The orc warrior barely misses you.
You completely miss the orc warrior.
The orc warrior is moderately wounded.
You hit the orc wizard.
The orc warrior hits you but does no damage.
The orc wizard closely misses you.
Unknown command.
You hit the orc warrior but do no damage.
The orc warrior is moderately wounded.
You hit the orc wizard.
You kill the orc wizard!
The orc warrior is distracted by your dazzling golden aura.
Unknown command.
The orc warrior shouts!
You hit the orc warrior.
The orc warrior is no longer distracted by gold.
The orc warrior is heavily wounded.
The orc warrior hits you with a +0 halberd.
* * * LOW HITPOINT WARNING * * *
You hit the orc warrior but do no damage.
The orc warrior is heavily wounded.
The orc warrior hits you with a +0 halberd!
* * * LOW HITPOINT WARNING * * *
The orc warrior hits you with a +0 halberd!
You die...
Your body crumbles into a pile of gold.

######### #.......#
##########.#####.#
#........#.# #.#
#######.#.###o.#.#####.#
## #.........#
#.@$.....#.# #.
###.#####...###.$#.###.#.#
#. ....#
#.....$#.#.###.#.## ###.
##### #........#........#
#... ###.#######.##.##.##
#.#. #.# #........# #.#.
#.# #..#.##..# #.## #
##o## #..#.##..# #... #
##...## #..#.##..# ####


You could see an orc warrior.

Vanquished Creatures
  An orc warrior (D:5)
  2 phantoms (D:5)
  3 scorpions
  A howler monkey (D:5)
  A jelly (D:5)
  5 hounds
  A gnoll bouda (D:5)
  A sleepcap (D:5)
  3 orc wizards (D:5)
  Ijyb (D:5)
  2 iguanas (D:4)
  Robin (D:4)
  4 adders
  5 gnolls (D:5)
  An ufetubus (D:5)
  4 worms
  5 dart slugs
  11 orcs
  4 ball pythons
  7 bats
  9 endoplasms
  3 giant cockroaches
  6 hobgoblins
  10 jackals
  4 kobolds
  5 quokkas
  A frilled lizard (D:3)
  16 goblins
  5 rats
122 creatures vanquished.

Vanquished Creatures (others)
  11 plants (D:4)
11 creatures vanquished.

Grand Total: 133 creatures vanquished

Notes
Turn   | Place    | Note
-------+----------+-------------------------------------------
     0 | D:1      | Dorkslayer the Gargoyle Fighter began the quest for the
                  | Orb.
     0 | D:1      | Reached XP level 1. HP: 14/14 MP: 1/1
   135 | D:1      | Reached XP level 2. HP: 17/19 MP: 2/2
   223 | D:1      | Reached skill level 2 in Axes
   327 | D:1      | Reached XP level 3. HP: 23/23 MP: 3/3
   533 | D:1      | Reached skill level 1 in Dodging
   654 | D:2      | Noticed a scorpion
   666 | D:2      | Killed a scorpion
   667 | D:2      | Reached XP level 4. HP: 6/29 MP: 4/4
   866 | D:2      | Reached skill level 3 in Axes
  1052 | D:2      | You are sucked into a shaft and drop 2 floors!
  1090 | D:4      | Reached XP level 5. HP: 30/33 MP: 5/5
  1162 | D:4      | Found a staircase to the Ecumenical Temple.
  1177 | Temple   | Entered the Ecumenical Temple
  1268 | Temple   | Became a worshipper of Gozag Ym Sagoz the Greedy
  1378 | D:4      | Noticed Robin
  2582 | D:4      | Reached XP level 6. HP: 38/38 MP: 6/6
  3071 | D:4      | Killed Robin
  3227 | D:5      | Entered Level 5 of the Dungeon
  3252 | D:5      | Reached skill level 4 in Axes
  3452 | D:5      | Reached XP level 7. HP: 43/43 MP: 7/7
  3497 | D:5      | Found a runed translucent door.
  3508 | D:5      | Found Gyteorox's Magic Scroll Boutique.
  3514 | D:5      | Bought a scroll of vulnerability for 44 gold pieces
  3514 | D:5      | Bought a scroll of identify for 22 gold pieces
  3514 | D:5      | Bought a scroll of identify for 22 gold pieces
  3514 | D:5      | Bought a scroll of fear for 44 gold pieces
  3514 | D:5      | Bought a scroll of blinking for 82 gold pieces
  3687 | D:5      | Noticed Ijyb
  3696 | D:5      | Killed Ijyb
  3904 | D:5      | Reached skill level 1 in Evocations
  3931 | D:5      | Reached skill level 5 in Axes
  4087 | D:5      | Reached XP level 8. HP: 48/48 MP: 8/8
  4406 | D:5      | Mangled by an orc warrior

Illustrated notes

Levels and vault maps discovered:
D:1:      lightli_arrival_statuegarden, layout_basic, minmay_ruptured
D:2:      layout_loops_cross, nrook_mini_vaults
D:3:      layout_basic, kennysheep_generic_room_2
D:4:      layout_cave_pods, minmay_temple_entry_slanted,
          minmay_misc_feat_encased, serial_bayou_ford_a, uniq_robin
D:5:      layout_loops_corners, serial_shops, nicolae_shop_trees,
          lightli_church_of_beogh, uniq_ijyb
Temple:   nicolae_temple_figure_eight

Skill      XL: |  1  2  3  4  5  6  7  8 |
---------------+-------------------------+-----
Axes           | 2 3 4 5 |  5.7
Dodging        | 1 2 |  2.8
Fighting       | 4 |  4.8
Armour         | 4 |  4.9
Shields        | 4 |  4.4
Evocations     | 1 2 |  2.3
Throwing       | |  0.2
Stealth        | |  0.9

Action                     |  1- 3 |  4- 6 |  7- 9 || total
---------------------------+-------+-------+-------++-------
  Melee: War axe           |    65 |   206 |   148 ||   419
  Throw: Dart              |       |       |     5 ||     5
  Evoke: Wand              |       |       |     3 ||     3
    Use: Scroll            |       |     9 |     3 ||    12
         Potion            |       |     1 |     2 ||     3
   Stab: Distracted        |       |     1 |     2 ||     3
 Armour: Scale mail        |    41 |    44 |       ||    85
         Chain mail        |       |    87 |   118 ||   205
  Dodge: Dodged            |    52 |   107 |    89 ||   248
  Block: Buckler           |    17 |    67 |    34 ||   118

Table legend: (Time is in decaauts)
 A = Elapsed time spent in this place.
 B = Non-inter-level travel time spent in this place.
 C = Inter-level travel time spent in this place.
 D = Time resting spent in this place.
 E = Time spent auto-exploring this place.
 F = Levels seen in this place.
 G = Mean time per level.
                   A        B        C        D        E       F      G
               +--------+--------+--------+--------+--------+-----+--------+
         Total |   4547 |   4547 |      0 |      0 |   2176 |   6 |  757.8 |
       Dungeon |   4420 |   4420 |      0 |      0 |   2123 |   5 |  884.0 |
        Temple |    126 |    126 |      0 |      0 |     53 |   1 |  126.0 |
               +--------+--------+--------+--------+--------+-----+--------+

Top non-repeatable levels by time:
     D:5: 1230 daAuts
     D:4: 981 daAuts
     D:2: 867 daAuts
     D:3: 673 daAuts
     D:1: 668 daAuts
  Temple: 126 daAuts
